 Dungeon Crawl Stone Soup version 0.28.0-49-g6dfe1f597d (webtiles) character file.

Game seed: 138957843559899442

262 Keeper01 the Cudgeller (level 5, 0/48 HPs)
             Began as a Minotaur Berserker on May 12, 2022.
             Was a Believer of Trog.
             Slain by a hornet zombie (8 damage)
             ... on level 4 of the Dungeon.
             The game lasted 00:11:06 (2769 turns).

Keeper01 the Cudgeller (Minotaur Berserker)         Turns: 2769, Time: 00:11:07

Health: 0/48       AC:  6    Str: 23    XL:     5   Next: 97%
Magic:  4/4        EV: 10    Int:  4    God:    Trog [**....]
Gold:   115        SH:  0    Dex: 10    Spells: 4/4 levels left

rFire   . . .      SeeInvis .   a - +0 mace
rCold   . . .      Faith    .   (no shield)
rNeg    + . .      Spirit   .   i - +0 scale mail
rPois   .          Reflect  .   (helmet restricted)
rElec   .          Harm     .   (no cloak)
rCorr   .          Rampage  .   (no gloves)
Will    ++...                   (no boots)
Stlth   ..........              (no amulet)
HPRegen 1.16/turn               c - ring of positive energy
MPRegen 0.09/turn               (no ring)

@: strong-willed, regenerating
A: horns 2, retaliatory headbutt
a: Renounce Religion, Berserk, Trog's Hand


You were on level 4 of the Dungeon.
You worshipped Trog.
Trog was pleased with you.
You visited 1 branch of the dungeon, and saw 4 of its levels.

You collected 115 gold pieces.

Inventory:

Hand Weapons
 a - a +0 mace (weapon)
Armour
 b - a +0 animal skin
 g - a +0 helmet
 i - a +0 scale mail (worn)
Jewellery
 c - a ring of positive energy (left hand)
 f - an amulet of magic regeneration
Wands
 j - a wand of paralysis (12)
Scrolls
 h - 3 scrolls of identify {unknown}
Potions
 d - a potion of flight {unknown}
 e - a potion of degeneration {unknown}
 k - a potion of curing {unknown}


   Skills:
 + Level 5.5 Fighting
 + Level 6.0 Maces & Flails
 + Level 2.8 Armour
 + Level 3.1 Dodging
 + Level 0.6 Stealth


You had 4 spell levels left.
You didn't know any spells.
Your spell library contained the following spells:

 Spells                   Type           Power      Damage    Failure   Level
 Tukima's Dance           Hex            0%         N/A       99%         3
 Anguish                  Hex/Necr       0%         N/A       100%        4
 Enfeeble                 Hex            0%         N/A       100%        7


Dungeon Overview and Level Annotations

Branches:
Dungeon (4/15)
 Temple: D:4-7

Altars:
Ashenzari
Cheibriados
Dithmenos
Vehumet

Shops:
D:1 ?


Innate Abilities, Weirdness & Mutations

You have a pair of horns on your head.
You reflexively headbutt those who attack you in melee.


Message History

You hit the hornet zombie but do no damage.
The hornet zombie barely misses you. You furiously retaliate!
You headbutt the hornet zombie, but do no damage.
You hit the hornet zombie.
The hornet zombie is lightly damaged.
The hornet zombie closely misses you. You furiously retaliate!
You headbutt the hornet zombie! The hornet zombie hits you.
You closely miss the hornet zombie.
The hornet zombie is moderately damaged.
The hornet zombie hits you but does no damage.
You closely miss the hornet zombie.
The hornet zombie is moderately damaged.
The hornet zombie closely misses you. The hornet zombie hits you!
You barely miss the hornet zombie.
The hornet zombie is moderately damaged.
The hornet zombie misses you.
You barely miss the hornet zombie.
The hornet zombie is moderately damaged.
The hornet zombie hits you but does no damage.
The hornet zombie barely misses you.
You hit the hornet zombie.
You headbutt the hornet zombie, but do no damage.
The hornet zombie is moderately damaged.
The hornet zombie hits you.
You hit the hornet zombie. Your headbutt misses the hornet zombie.
The hornet zombie is heavily damaged.
The hornet zombie hits you. The hornet zombie hits you!
* * * LOW HITPOINT WARNING * * *
Your skin crawls.
You feel strong-willed. The hornet zombie barely misses you.
Unknown command.
You hit the hornet zombie. You headbutt the hornet zombie.
The hornet zombie is heavily damaged.
The hornet zombie hits you.
* * * LOW HITPOINT WARNING * * *
You hit the hornet zombie.
The hornet zombie is heavily damaged.
The hornet zombie hits you!
You die...

## #......## ....
..##.#.....##.#..
.....#..>..#....
...................##
...............<....##
..^... #...........#
.....#.####.....Z...#
..#..#.........[@...#
..#.[##..#...###.....#
..............#......#
..<.....###..##...####
##......####..#####
........#.#..###
...............#
..#..).......###
.###.....#####


You could see a hornet zombie.

Vanquished Creatures
  A phantom (D:2)
  A scorpion (D:2)
  An orc wizard (D:3)
  4 adders
  2 worms (D:2)
  2 dart slugs
  2 orcs (D:3)
  4 endoplasms
  2 giant cockroaches (D:1)
  9 goblins
  2 hobgoblins (D:1)
  7 jackals (D:1)
  3 quokkas
  5 ball pythons
  5 bats
  4 frilled lizards
  6 kobolds
  2 rats
62 creatures vanquished.

Notes
Turn   | Place    | Note
-------+----------+-------------------------------------------
     0 | D:1      | Keeper01 the Minotaur Berserker began the quest for the
                  | Orb.
     0 | D:1      | Reached XP level 1. HP: 19/19 MP: 0/0
     1 | D:1      | Noticed a merfolk
     7 | D:1      | Noticed a draconian
     8 | D:1      | Noticed a spriggan
    12 | D:1      | Noticed a minotaur skeleton
    15 | D:1      | Noticed a merfolk zombie
    19 | D:1      | Noticed a tengu
   332 | D:1      | Reached XP level 2. HP: 27/27 MP: 1/1
   333 | D:1      | Reached skill level 4 in Maces & Flails
   633 | D:1      | Found Emupudwi's Magic Scroll Boutique.
   875 | D:1      | Reached XP level 3. HP: 31/34 MP: 2/2
  1000 | D:2      | Noticed a phantom
  1006 | D:2      | Killed a phantom
  1007 | D:2      | Reached skill level 5 in Maces & Flails
  1007 | D:2      | Reached XP level 4. HP: 28/41 MP: 3/3
  1152 | D:2      | Noticed a scorpion
  1159 | D:2      | Killed a scorpion
  1160 | D:2      | Reached skill level 5 in Fighting
  1160 | D:2      | Reached XP level 5. HP: 48/48 MP: 4/4
  1445 | D:2      | Found a faded altar of an unknown god.
  1910 | D:3      | Reached ** piety under Trog
  1923 | D:3      | Found a snail-covered altar of Cheibriados.
  1923 | D:3      | Found a broken altar of Ashenzari.
  1925 | D:3      | Found a shadowy altar of Dithmenos.
  1925 | D:3      | Found a radiant altar of Vehumet.
  2283 | D:3      | Reached skill level 6 in Maces & Flails
  2769 | D:4      | Slain by a hornet zombie

Illustrated notes

Levels and vault maps discovered:
D:1:      shiori_arrival_whats_in_store_for_you, layout_basic, serial_shops,
          shop
D:2:      layout_loops_ring, hellmonk_ecumenical_altar_arch_garden
D:3:      layout_loops_ring, mainiacjoe_overflow_alcove_3, serial_rivers,
          chequers_serial_rivers_room_b, chequers_serial_rivers_room_b,
          chequers_serial_rivers_micro_a, chequers_serial_rivers_large_b,
          chequers_serial_rivers_micro_e
D:4:      layout_cave_pools, mainiacjoe_overflow_cross_hatched, uniq_menkaure

Skill      XL: |  1  2  3  4  5 |
---------------+----------------+-----
Fighting       | 4 5 |  5.5
Maces & Flails | 4 5 6 |  6.0
Dodging        | 3 |  3.1
Armour         | |  2.8
Stealth        | |  0.6

Action                   |  1- 3 |  4- 6 || total
-------------------------+-------+-------++-------
Melee: Mace              |    55 |    67 ||   122
       Headbutt          |     8 |    16 ||    24
       Punch             |       |     1 ||     1
Invok: Berserk           |     1 |     2 ||     3
       Trog's Hand       |       |     1 ||     1
  Use: Scroll            |       |     2 ||     2
Armor: Animal skin       |    15 |     1 ||    16
       Scale mail        |       |    29 ||    29
Dodge: Dodged            |    50 |    48 ||    98
